 Dungeon Crawl Stone Soup version 0.31-a0-66-ge618eeaa78 (webtiles) character file.

Game seed: 15370571547609901746

56 TittyCrusher the Changer (level 3, 0/18 (23) HPs)
             Began as an Octopode Transmuter on May 23, 2023.
             Slain by Terence
             ... wielding a +0 flail of draining
              (6 damage)
             ... on level 1 of the Dungeon.
             The game lasted 00:04:11 (1458 turns).

TittyCrusher the Changer (Octopode Transmuter)      Turns: 1458, Time: 00:04:12

HP:   0/18 (23)     AC:  2    Str:  9    XL:     3   Next: 97%
MP:   14/15         EV: 19    Int: 15    God:
Gold: 25            SH:  0    Dex: 19    Spells: 0/6 levels left

rFire   + . .        a - melded +4 dagger (venom)
rCold   . . .        (shield currently unavailable)
rNeg    . . .        (helmet currently unavailable)
rPois   x            (no amulet)
rElec   .            f - ring of protection from fire
rCorr   .            i - ring of magical power
SInv    .            (no ring)
Will    .....        (no ring)
Stlth   ++           (no ring)
HPRegen 0.23/turn    (no ring)
MPRegen 0.14/turn    (no ring)
                     (no ring)

%: no passive effects
@: spider-form (expiring), heavily drained
A: venomous fangs, almost no armour, (amphibious), 8 rings, tiny, (camouflage
1), (gelatinous body 1), (nimble swimmer 1), (tentacles)
a: End Transformation


You were on level 1 of the Dungeon.
You were a venomous arachnid creature.
You visited 1 branch of the dungeon, and saw 2 of its levels.

You collected 25 gold pieces.

Inventory:

Hand Weapons
 a - a +4 dagger of venom (melded)
Missiles
 e - 5 stones (quivered)
Jewellery
 f - a ring of protection from fire (left front pincers)
 i - a ring of magical power (right front pincers)
Scrolls
 b - a scroll of magic mapping {unknown}
 g - a scroll of fear {unknown}
 h - a scroll of fog
Potions
 c - a potion of brilliance {unknown}
 d - 2 potions of lignification


   Skills:
 - Level 1.0 Fighting
 - Level 2.0 Dodging
 - Level 3.0 Unarmed Combat
 - Level 2.0 Spellcasting
 - Level 3.4 Transmutations
 + Level 2.4 Poison Magic


You couldn't memorise any spells.
You knew the following spells:

 Your Spells              Type           Power      Damage    Failure   Level
a - Beastly Appendage     Tmut           22%        N/A       16%         1
b - Spider Form           Tmut/Pois      9%         N/A       43%         3
c - Wereblood             Tmut           11%        N/A       22%         2

Your spell library contained the following spells:

 Spells                   Type           Power      Damage    Failure   Level
 Ice Form                 Ice/Tmut       5%         N/A       90%         4


Dungeon Overview and Level Annotations

Branches:
Dungeon (2/15)

Altars:

Annotations:
D:1 exclusion: 2 downstairs, Terence
D:2 Robin


Innate Abilities, Weirdness & Mutations

You are a venomous arachnid creature.
You have venomous fangs.
You are tiny and dextrous.
Your spellcasting is less reliable in this form.
Your armour is entirely melded.
You are incapable of wielding weapons or throwing items.
You cannot wear most types of armour.
((You are amphibious.))
You can wear up to eight rings at the same time.
((Your skin changes colour to match your surroundings (Stealth+).))
((Your rubbery body absorbs attacks. (AC +1, EV +1)))
((You are camouflaged when in or above water. (Stealth+)))
((You have tentacles for arms and can constrict up to eight enemies at once.))


Message History

Your +4 dagger of venom stops dripping with poison.
You see here a +0 dagger.
You hit Terence.
Terence is poisoned.
Terence is lightly wounded.
Terence hits you with a +0 flail of draining.
You feel drained.
You barely miss Terence.
Terence is moderately wounded.
Terence hits you with a +0 flail of draining!
You feel drained.
You are too injured to fight recklessly!
Terence attacks as you move away! Terence closely misses you.
You see here a +0 dagger.
Your transformation is almost over.
Terence asks, "Do you want it fast or slow?"
There is a stone staircase leading up here.
Terence barely misses you.
You climb upwards.
Level annotation: exclusion: 2 downstairs
There is a stone staircase leading down here.
You are too injured to fight recklessly!
You hit Terence but do no damage.
Terence is heavily wounded.
Terence hits you with a +0 flail of draining.
* * * LOW HITPOINT WARNING * * *
You feel drained.
* * * LOW HITPOINT WARNING * * *
You completely miss Terence.
Terence is heavily wounded.
You hit Terence but do no damage.
Terence is heavily wounded.
Terence barely misses you.
Unknown command.
You hit Terence but do no damage.
Terence looks as sick as possible!
Terence is heavily wounded.
Terence completely misses you.
You hit Terence but do no damage.
Terence looks as sick as possible!
Terence is severely wounded.
Terence hits you with a +0 flail of draining.
You die...

# # # # ####
...############
♣#.)......)>..##
♣..#########)..########
..##...........@s.....#
♣###.#######...######.#
♣# #.# ##.## #.# .# #.#
#.# #####.# .#
#>########.###...#.#
♣###..........##......#
.##...######..##......#
.♣....# #..##.....##
..#...######..###...##


You could see Terence (extremely poisoned).

Vanquished Creatures
  A gnoll (D:2)
  An adder (D:2)
  A dart slug (D:1)
  An endoplasm (D:1)
  A giant cockroach (D:1)
  6 goblins (D:1)
  3 hobgoblins
  2 kobolds
  2 quokkas
  3 ball pythons (D:1)
  5 bats (D:1)
  2 frilled lizards (D:1)
  5 rats
33 creatures vanquished.

Notes
Turn   | Place    | Note
-------+----------+-------------------------------------------
     0 | D:1      | TittyCrusher the Octopode Transmuter began the quest for
                  | the Orb.
     0 | D:1      | Reached XP level 1. HP: 13/13 MP: 3/3
   133 | D:1      | Reached XP level 2. HP: 18/18 MP: 3/5
   569 | D:1      | Found a faded altar of an unknown god.
   738 | D:1      | Reached XP level 3. HP: 23/23 MP: 6/6
   742 | D:1      | Learned a level 3 spell: Spider Form
  1076 | D:1      | Learned a level 2 spell: Wereblood
  1120 | D:2      | Reached skill level 1 in Poison Magic
  1342 | D:2      | Noticed Robin
  1421 | D:2      | Noticed Terence
  1458 | D:1      | Slain by Terence

Illustrated notes

Levels and vault maps discovered:
D:1:      scummos_arrival_simple_fountains, layout_loops_ring, serial_forest,
          infiniplex_forest_end_3, infiniplex_forest_clump_cross,
          infiniplex_forest_end_3, infiniplex_forest_end_double,
          infiniplex_forest_lined_ring, infiniplex_forest_clump_curved,
          infiniplex_forest_straight_2, infiniplex_forest_straight_4,
          infiniplex_forest_lined_3, infiniplex_forest_clump_small,
          shapermc_ecumenical_altar_pompeii,
          nicolae_concentric_dashed_squares_mild
D:2:      layout_basic, basic_altar, minmay_crystal_water, uniq_natasha,
          uniq_terence, uniq_robin

Skill      XL: |  1  2  3 |
---------------+----------+-----
Transmutations | 3 |  3.4
Poison Magic   | 2 |  2.4
Fighting       | |  1.0
Dodging        | |  2.0
Unarmed Combat | |  3.0
Spellcasting   | |  2.0

Action                     || total
---------------------------++-------
  Melee: Unarmed           ||    16
         Constrict         ||    14
         Kick              ||     5
         Tentacles         ||     8
         Dagger            ||    49
         Punch             ||     2
  Throw: Stone             ||     3
   Cast: Beastly Appendage ||    11
         Spider Form       ||     1
    Use: Scroll            ||     1
         Potion            ||     1
   Stab: Sleeping          ||     5
 Armour: Skin              ||    12
  Dodge: Dodged            ||    28

Table legend: (Time is in decaauts)
 A = Elapsed time spent in this place.
 B = Non-inter-level travel time spent in this place.
 C = Inter-level travel time spent in this place.
 D = Time resting spent in this place.
 E = Time spent auto-exploring this place.
 F = Levels seen in this place.
 G = Mean time per level.
                   A        B        C        D        E       F      G
               +--------+--------+--------+--------+--------+-----+--------+
         Total |   1457 |   1415 |     42 |    340 |    658 |   2 |  728.5 |
       Dungeon |   1457 |   1415 |     42 |    340 |    658 |   2 |  728.5 |
               +--------+--------+--------+--------+--------+-----+--------+

Top non-repeatable levels by time:
     D:1: 1166 daAuts
     D:2: 290 daAuts
